 Dungeon Crawl Stone Soup version 0.31-a0-983-g7b6862f502 (webtiles) character file.

Game seed: 6304058224582933862

423 IdlyInterested the Cutter (level 6, 0/44 HPs)
             Began as a Demonspawn Gladiator on Nov 2, 2023.
             Slain by Pikel
             ... wielding a +2 whip of electrocution
              (10 damage)
             ... on level 4 of the Dungeon.
             The game lasted 00:06:58 (3688 turns).

IdlyInterested the Cutter (Demonspawn Gladiator)    Turns: 3688, Time: 00:07:00

Health: 0/44       AC:  8    Str: 15    XL:     6   Next: 63%
Magic:  7/7        EV: 13    Int:  9    God:
Gold:   92         SH:  0    Dex: 23    Spells: 5/7 levels left

rFire   . . .        a - +0 long sword
rCold   . . .        (no shield)
rNeg    + + .        n - +2 leather armour of Resilience {*Corrode rN++ Dex+7}
rPois   .            c - +0 helmet
rElec   .            w - +1 cloak
rCorr   .            (no gloves)
SInv    .            (no boots)
Will    .....        (no amulet)
Stlth   ++           v - +4 ring of protection
HPRegen 0.27/turn    (no ring)
MPRegen 0.10/turn

%: corrode self (3%)
@: corroded
A: powered by pain 1, demonic magic 1
a: no special abilities


You were on level 4 of the Dungeon.
You visited 1 branch of the dungeon, and saw 4 of its levels.

You collected 92 gold pieces.

Inventory:

Hand Weapons
 a - a +0 long sword (weapon)
 g - a +0 dagger
 s - a +0 short sword
Missiles
 d - 2 throwing nets
 e - 7 javelins
 m - 10 stones (quivered)
 p - 4 boomerangs
 y - a curare-tipped dart
Armour
 c - a +0 helmet (worn)
 l - a +1 hat
 n - the +2 leather armour of Resilience (worn) {*Corrode rN++ Dex+7}
   (You found it on level 2 of the Dungeon)

   Dex+7:     It affects your dexterity (+7).
   rN++:      It greatly protects you from negative energy.
   *Corrode:  It may corrode you when you take damage.
 w - a +1 cloak (worn)
Jewellery
 v - a +4 ring of protection (left hand)
Talismans
 i - a maw talisman
 o - a flux talisman
 u - a serpent talisman
 z - a blade talisman
Scrolls
 j - a scroll of amnesia {unknown}
 k - a scroll of teleportation {unknown}
 q - a scroll of immolation {unknown}
 t - a scroll of fog {unknown}
 x - a scroll of torment {unknown}
Potions
 b - a potion of might {unknown}
 f - a potion of resistance {unknown}
 h - 2 potions of curing
 r - a potion of enlightenment {unknown}


   Skills:
 - Level 2.0 Fighting
 * Level 5.0(5.6) Short Blades
 - Level 3.5(4.9) Long Blades
 - Level 2.0 Throwing
 - Level 3.0 Dodging
 + Level 1.4 Stealth
 - Level 1.0 Spellcasting


You had 5 spell levels left.
You knew the following spells:

 Your Spells              Type           Power      Damage    Failure   Level
a - Jinxbite              Hex            0%         N/A       56%         2

Your spell library contained the following spells:

 Spells                   Type           Power      Damage    Failure   Level
 Apportation              Tloc           0%         N/A       41%         1
 Alistair's Intoxication  Tmut/Pois      0%         N/A       100%        5


Dungeon Overview and Level Annotations

Branches:
Dungeon (4/15)
 Temple: D:4-7

Altars:

Annotations:
D:4 Pikel


Innate Abilities, Weirdness & Mutations

You sometimes gain a little power by taking damage.
Spells you cast may paralyse adjacent enemies.


Message History

The lemure is moderately wounded.
The lemure misses you.
Pikel says, "You'll rust in Dis!"
You closely miss the lemure.
The lemure is lightly wounded.
The lemure misses you.
You barely miss the lemure.
The lemure is lightly wounded.
The lemure hits you.
You closely miss the lemure.
The lemure is lightly wounded.
The lemure barely misses you.
You closely miss the lemure.
The lemure is lightly wounded.
The lemure closely misses you. The lemure hits you.
You hit the lemure but do no damage.
The lemure is lightly wounded.
You are no longer corroded.
Pikel is no longer moving slowly.
Pikel looks more healthy.
Pikel zaps a wand.
The roots erupt in riotous growth!
The lemure is unaffected.
The grasping roots grab you! The grasping roots constrict you.
The lemure hits you.
You slash the lemure!
The lemure is heavily wounded.
The roots lose their grip on you. The lemure hits you but does no damage.
You slash the lemure!
The lemure is severely wounded.
You hit Pikel.
Pikel is heavily wounded.
Pikel hits you with a +2 whip of electrocution.
You hit Pikel.
Pikel is severely wounded.
Pikel hits you with a +2 whip of electrocution.
You hit Pikel.
Pikel is severely wounded.
Pikel hits you with a +2 whip of electrocution.
* * * LOW HITPOINT WARNING * * *
Your corrosive artefact corrodes you!
You are electrocuted!
You die...
Pikel says, "Another soul for the market."

## ########## ##.#
#........# #...#
.........## #....#
..........# ##.....#
..........# ##......#
..........# ##....#..#
..........# ##....##..#
..[....<..###...@###..#
..........##...##K...##
..........#...##.5....#
.......<.#...##..(....##
#.......#...###........##.
#......#...###............
#####....####..........##.
....... #..........#
######... #..........#


You could see Pikel and a lemure.

Vanquished Creatures
  Grinder (D:3)
  3 lemures (D:4)
  Crazy Yiuf (D:3)
  Natasha (thrice) (D:3)
  2 gnolls
  5 adders
  3 orcs (D:3)
  5 endoplasms
  5 giant cockroaches
  5 goblins
  10 hobgoblins
  4 jackals (D:1)
  4 quokkas
  4 ball pythons
  8 bats
  3 frilled lizards (D:3)
  4 kobolds
  2 rats
72 creatures vanquished.

Notes
Turn   | Place    | Note
-------+----------+-------------------------------------------
     0 | D:1      | IdlyInterested the Demonspawn Gladiator began the quest for
                  | the Orb.
     0 | D:1      | Reached XP level 1. HP: 16/16 MP: 1/1
   149 | D:1      | Gained mutation: You sometimes gain a little power by
                  | taking damage. [demonic ancestry]
   149 | D:1      | Reached XP level 2. HP: 22/22 MP: 2/2
   508 | D:1      | Found a faded altar of an unknown god.
   663 | D:1      | Gained mutation: Spells you cast may paralyse adjacent
                  | enemies. [demonic ancestry]
   663 | D:1      | Reached XP level 3. HP: 25/27 MP: 3/3
  1140 | D:2      | Reached skill level 1 in Short Blades
  1300 | D:2      | Identified the +2 leather armour of Resilience {*Corrode
                  | rN++ Dex+7}
  1318 | D:2      | Reached XP level 4. HP: 33/33 MP: 4/4
  1695 | D:3      | Noticed Grinder
  1707 | D:3      | Paralysed by Grinder for 3 turns
  1720 | D:3      | Killed Grinder
  1721 | D:3      | Reached skill level 4 in Short Blades
  1721 | D:3      | Reached skill level 1 in Stealth
  1721 | D:3      | Reached XP level 5. HP: 18/38 MP: 5/5
  1880 | D:3      | Reached XP level 6. HP: 44/44 MP: 6/6
  2133 | D:3      | Noticed Natasha
  2140 | D:3      | Killed Natasha
  2302 | D:3      | Found a runed translucent door.
  2303 | D:3      | Noticed Crazy Yiuf
  2390 | D:3      | Noticed Natasha
  2433 | D:3      | Killed Natasha
  2497 | D:3      | Reached skill level 1 in Spellcasting
  2609 | D:3      | Learned a level 2 spell: Jinxbite
  2896 | D:3      | Killed Crazy Yiuf
  3474 | D:3      | Noticed Natasha
  3481 | D:3      | Killed Natasha
  3482 | D:3      | Reached skill level 5 in Short Blades
  3664 | D:4      | Noticed Pikel
  3688 | D:4      | Slain by Pikel

Illustrated notes

Levels and vault maps discovered:
D:1:      mrwooster_arrival_statue_2, layout_loops_corners,
          ebering_ecumenical_altar_petrified
D:2:      layout_loops_ring, minmay_misc_feat_tiny, st_stairs_7
D:3:      layout_loops_ring, mainiacjoe_overflow_six_doors_small,
          minmay_between, uniq_crazy_yiuf_cottage, uniq_grinder, uniq_natasha
D:4:      layout_cave_pods, mainiacjoe_overflow_small_starburst,
          minmay_temple_entry_enclosed_plants, biasface_ghost_orc_armoury,
          dreamdust_princess_bridge, nrook_mini_vaults, uniq_eustachio,
          uniq_ijyb, uniq_pikel

Skill      XL: |  1  2  3  4  5  6 |
---------------+-------------------+-----
Long Blades    | 3 |  3.5
Throwing       | 2 |  2.0
Dodging        | 3 |  3.0
Short Blades   | 1 4 5 |  5.0
Stealth        | 1 |  1.4
Spellcasting   | 1 |  1.0
Fighting       | |  2.0

Action                     |  1- 3 |  4- 6 || total
---------------------------+-------+-------++-------
  Melee: Long sword        |   109 |   137 ||   246
         Punch             |     1 |     3 ||     4
  Throw: Stone             |       |     5 ||     5
         Dart              |       |     1 ||     1
         Throwing net      |       |     1 ||     1
    Use: Potion            |       |     1 ||     1
   Stab: Sleeping          |     1 |     2 ||     3
         Held in net/web   |       |     1 ||     1
 Armour: Leather armour    |     4 |    85 ||    89
         Chain mail        |   100 |       ||   100
  Dodge: Dodged            |    51 |    81 ||   132

Table legend: (Time is in decaauts)
 A = Elapsed time spent in this place.
 B = Non-inter-level travel time spent in this place.
 C = Inter-level travel time spent in this place.
 D = Time resting spent in this place.
 E = Time spent auto-exploring this place.
 F = Levels seen in this place.
 G = Mean time per level.
                   A        B        C        D        E       F      G
               +--------+--------+--------+--------+--------+-----+--------+
         Total |   3734 |   3056 |    678 |    172 |   2167 |   4 |  933.5 |
       Dungeon |   3734 |   3056 |    678 |    172 |   2167 |   4 |  933.5 |
               +--------+--------+--------+--------+--------+-----+--------+

Top non-repeatable levels by time:
     D:3: 1832 daAuts
     D:1: 1007 daAuts
     D:2: 735 daAuts
     D:4: 158 daAuts
